 Dungeon Crawl Stone Soup version 0.27-a0-836-gfc908b8576 (webtiles) character file.

Game seed: 346674153720610453

1976945 tilp the Sorcerer (level 27, 220/220 HPs)
             Began as a Djinni Venom Mage on Mar 31, 2021.
             Was the Champion of Makhleb.
             Escaped with the Orb
             ... and 3 runes!
             The game lasted 03:19:19 (52092 turns).

tilp the Sorcerer (Djinni Venom Mage)              Turns: 52092, Time: 03:19:20

Health: 220/220    AC: 14    Str:  7    XL:     27
Gold:   5248       EV: 25    Int: 31    God:    Makhleb [******] SH:  6 Dex: 16

rFire    + + .     SeeInvis +   a - +2 eudemon blade (holy)
rCold    . . .     Faith    .   y - +1 buckler {AC+3}
rNeg     + . .     Spirit   .   N - +0 robe "Difithrae" {Regen+ Int+3 SInv}
rPois    ∞         Reflect  .   (helmet restricted)
rElec    +         Harm     .   z - +0 cloak "Dewal" {+Blink rElec rCorr}
rCorr    +         Rampage  .   i - +2 pair of gloves {archery}
Will     ++...                  (boots unavailable)
Stlth    ++........             G - amulet of regeneration
HPRegen  2.46/turn              R - ring of the Nightingale {rC+ SInv}
MPRegen  0.00/turn              Y - ring of the Fool {rN+ AC+4}

@: flying, studying Throwing
A: fire resistance 2, cold vulnerability 1, float, innate caster, hp casting,
extra vitality 1, horns 1, mutation resistance 1, wild magic 1, inability to
read while threatened
0: Orb of Zot
}: 3/15 runes: barnacled, silver, gossamer
a: Renounce Religion, Evoke Blink, Minor Destruction, Lesser Servant of Makhleb,
Major Destruction, Greater Servant of Makhleb


You escaped.
You worshipped Makhleb.
Makhleb was exalted by your worship.
You visited 9 branches of the dungeon, and saw 47 of its levels.
You also visited: Volcano.

You collected 8222 gold pieces.
You spent 2974 gold pieces at shops.

Inventory:

Hand Weapons
 a - a +2 eudemon blade of holy wrath (weapon)
 b - a +9 quick blade of draining
Missiles
 d - 8 silver boomerangs
 C - 88 boomerangs
 I - 12 curare-tipped darts
 M - 10 throwing nets
Armour
 i - a +2 pair of gloves of archery (worn)
 y - a +1 buckler of protection (worn)
 z - the +0 cloak "Dewal" (worn) {+Blink rElec rCorr}
   (You found it on level 11 of the Dungeon)

   It insulates you from electricity.
   It lets you blink.
   It protects you from acid and corrosion.
 B - a +2 helmet of intelligence
 N - the +0 robe "Difithrae" (worn) {Regen+ Int+3 SInv}
   (You bought it in a shop on level 1 of the Depths)

   It affects your intelligence (+3).
   It lets you see invisible.
   It increases your rate of health regeneration.
Jewellery
 n - a ring of ice
 G - an amulet of regeneration (around neck)
 R - the ring of the Nightingale (left hand) {rC+ SInv}
   (You acquired it on level 1 of the Lair of Beasts)

   [ring of see invisible]

   It protects you from cold.
   It lets you see invisible.
 T - a ring of willpower
 Y - the ring of the Fool (right hand) {rN+ AC+4}
   (You acquired it on level 2 of the Depths)

   [ring of protection]

   It affects your AC (+4).
   It protects you from negative energy.
Wands
 e - a wand of charming (12)
 p - a wand of digging (5)
 r - a wand of polymorph (29)
 F - a wand of iceblast (18)
 H - a wand of acid (40)
 W - a wand of paralysis (9)
 Z - a wand of mindburst (63)
Scrolls
 h - 21 scrolls of identify
 j - 4 scrolls of holy word
 k - 6 scrolls of enchant weapon
 l - 7 scrolls of fear
 o - 22 scrolls of teleportation
 u - 4 scrolls of magic mapping
 A - 2 scrolls of summoning
 P - 2 scrolls of silence
 Q - 6 scrolls of blinking
 S - 8 scrolls of fog
 X - 4 scrolls of enchant armour
Potions
 c - 16 potions of heal wounds
 f - 23 potions of curing
 m - 4 potions of invisibility
 q - 8 potions of haste
 t - 6 potions of might
 v - 8 potions of lignification
 w - 7 potions of ambrosia
 x - 6 potions of mutation
 E - 13 potions of brilliance
 J - 4 potions of berserk rage
 L - 7 potions of cancellation
 V - 6 potions of resistance
Miscellaneous
 g - a condenser vane
 s - a box of beasts
 D - a phial of floods
 K - a lightning rod (4/4)
 O - a phantom mirror
 U - a tin of tremorstones (2/2)


   Skills:
 + Level 24.6 Fighting
 - Level 8.0(10.6) Short Blades
 - Level 11.0(12.0) Long Blades
 - Level 9.0 Armour
 - Level 22.0 Dodging
 - Level 8.0 Stealth
 - Level 4.0 Shields
 * Level 24.8 Spellcasting
 - Level 8.0 Invocations
 - Level 12.0 Evocations


You couldn't memorise any spells.
You knew the following spells:

 Your Spells              Type           Power      Damage    Failure   Level
a - Sting                 Tmut/Pois      100%       1d8       1%          1
b - Poisonous Vapours     Pois/Air       100%       N/A       1%          2
c - Mephitic Cloud        Conj/Pois/Air  100%       N/A       1%          3
d - Ignite Poison         Fire/Tmut/Pois 100%       N/A       1%          3
e - Olgreb's Toxic Radia  Pois           100%       N/A       1%          4
f - Summon Small Mammal   Summ           100%       N/A       1%          1
g - Ensorcelled Hibernat  Hex/Ice        100%       N/A       1%          2
h - Summon Guardian Gole  Hex/Summ       100%       N/A       1%          3
i - Leda's Liquefaction   Hex/Erth       64%        N/A       1%          4
j - Passage of Golubria   Tloc           N/A        N/A       1%          4
k - Borgnjor's Vile Clut  Necr/Erth      64%        N/A       1%          5
l - Invisibility          Hex            100%       N/A       1%          6
m - Ozocubu's Refrigerat  Ice            64%        4d17      1%          7
n - Blade Hands           Tmut           64%        N/A       1%          6
o - Haunt                 Necr/Summ      64%        N/A       1%          7
p - Malign Gateway        Summ/Tloc      64%        N/A       1%          7
q - Ignition              Fire           64%        3d17      1%          8
r - Dragon's Call         Summ           64%        N/A       4%          9
Your spell library was empty.

Dungeon Overview and Level Annotations

Branches:
Dungeon (15/15)            Temple (1/1) D:6            Lair (6/6) D:9
 Shoals (4/4) Lair:2       Spider (4/4) Lair:2        Slime (0/5) Lair:5
    Orc (2/2) D:9             Elf (0/3) Orc:2        Vaults (5/5) D:13
  Crypt (0/3) Vaults:3     Depths (5/5) D:15            Zot (5/5) Depths:5
Volcano (visited)

Altars:
Ashenzari
Cheibriados
Dithmenos
Elyvilon
Fedhas
Gozag
Hepliaklqana
Kikubaaqudgha
Makhleb
Nemelex Xobeh
Okawaru
Qazlal
Ru
Sif Muna
Trog
Uskayaw
Vehumet
Wu Jian
Xom
Yredelemnul
Zin
The Shining One
Beogh
Jiyva
Lugonu

Shops:
D:8 [   Orc:2 *[:(   Vaults:3 ?!*   Zot:1 *   Depths:1 [**   Depths:2 ?

Portals:
Hell: Depths:1 Depths:2 Depths:3 Depths:4 Depths:5
Abyss: Depths:2 Depths:4 Depths:5
Pandemonium: Depths:3
Ziggurat: Depths:5

Annotations:
Depths:3 2 runed translucent doors, Nuquenaz's ghost, veteran VSFi
Zot:1 3 runed translucent doors, exclusion: obsidian statue, Iruirgha's ghost, veteran OpFi


Innate Abilities, Weirdness & Mutations

You are immune to poison.
Your flesh is very heat resistant. (rF++)
You are vulnerable to cold. (rC-)
You float through the air rather than walking.
You learn spells naturally, not from books.
Your magical power is your life essence.
You have superior vitality. (+4 HP)
You have a pair of small horns on your head.
You are somewhat resistant to further mutation.
Your spells are a little harder to cast, but a little more powerful.
You sometimes lose the ability to read scrolls when taking damage.


Message History

A smoke demon comes into view.
Casting: Ignition (mildly dangerous; 1% risk of failure)
Confirm with . or Enter, or press ? or * to list all spells.
Casting: Ignition (mildly dangerous; 1% risk of failure)
Press: ? - help, Dir - look around, f - activate The air bursts into flame!
The fireball engulfs the smoke demon.
The smoke demon resists.
The smoke demon is lightly wounded.
A dragon arrives to answer your call!
Your quicksilver dragon breathes dispelling energy at the smoke demon.
The bolt of dispelling energy hits the smoke demon!!
Casting: Ignition (mildly dangerous; 1% risk of failure)
Confirm with . or Enter, or press ? or * to list all spells.
Casting: Ignition (mildly dangerous; 1% risk of failure)
Press: ? - help, Dir - look around, f - activate You miscast Ignition.
You are very lightly contaminated with residual magic.
Nothing appears to happen.
A dragon arrives to answer your call!
Your quicksilver dragon bites the smoke demon!!
The smoke demon dies!
Makhleb accepts your kill.
(D) Dungeon (T) Temple (L) Lair (A) Shoals (N) Spider Nest (M) Slime Pits (O) Orcish Mines (E) Elven Halls (V) Vaults (C) Crypt (U) Depths (H) Hell (Z) Zot
Where to? (Enter - D:1, ? - help)
You swap places.
The roar of the dragon horde subsides.
There is a stone staircase leading up here.
HP restored.
You fly upwards.
Your summoned allies are left behind.
There is a stone staircase leading down here.
Your magical contamination has completely faded away.
You can once more reach out to the dragon horde.
You see here a +0 scale mail.
There is a large open door here.
There is a large open door here.
There is a large open door here.
There is a staircase leading out of the dungeon here.
You have escaped!

#≈..8..........8..≈#.
#≈.##############.≈#.
#≈8#.#.≈≈.#≈≈≈≈≈#8≈..
########≈.#.#.≈§.#≈...≈#.≈##
#.......≈.#.#.≈≈.#≈.#.≈#.≈##
#.###...≈.#.#.§§.#≈.#.≈#8≈..
#.###...≈.#.#.§§.#≈.#.≈#.≈.[
#.##....≈.#.'.(..'..#..'....
#.##....≈.#@'...§'..#..'...#
#.......≈.#.#.≈≈.#≈.#.≈#.≈.#
####....≈.#.#.≈§.#≈.#.≈#8≈..
###.###≈.#.#.≈≈.#≈.#.≈#.≈##
#.....#≈.#.#.≈≈.#≈...≈#.≈##
##.....#≈8#.#.≈≈.#≈≈≈≈≈#8≈..
#......#≈.##############.≈##
#......#≈..8..........8..≈##
#...#..#≈≈≈≈≈≈≈≈)≈≈≈≈≈≈≈≈≈..


There were no monsters in sight!

Vanquished Creatures
  2 dread liches (Zot:5)
  Mennas (Vaults:5)
  2 ancient liches (Vaults:5)
  Frederick (Vaults:2)
  4 Killer Klowns (Zot:5)
  3 curse toes
  A caustic shrike (Depths:4)
  7 golden dragons
  Nikola (Shoals:4)
  2 bone dragons
  Arachne (Spider:2)
  A Tzitzimitl (Depths:4)
  An electric golem (Zot:2)
  17 tentacled monstrosities
  15 Orb Guardians
  5 liches
  4 quicksilver dragons
  4 titans (Vaults:5)
  Polyphemus (Shoals:3)
  An Executioner (D:5)
  5 krakens
  10 sphinxes
  14 tengu reavers
  11 death cobs
  10 storm dragons
  Kirke (D:13)
  Ilsuiw (Shoals:3)
  13 shadow dragons
  Donald (Shoals:3)
  7 draconian monks
  8 fire giants
  16 vault wardens
  An azure jelly (shapeshifter) (Vaults:5)
  3 deep elf sorcerers
  4 orc warlords
  A draconian knight (Zot:4)
  10 frost giants
  An iron dragon (Depths:4)
  Louise (D:14)
  6 draconian scorchers
  7 emperor scorpions (Spider:4)
  5 ghost moths
  Aizul (Shoals:1)
  A balrug (Depths:3)
  3 draconian shifters
  2 cacodemons
  A draconian stormcaller (Zot:4)
  3 draconian annihilators
  3 war gargoyles
  22 ironbound preservers
  50 very ugly things
  20 stone giants
  A spriggan defender (Depths:3)
  Nessos (D:15)
  A vampire knight (Depths:5)
  8 green draconians
  2 deep elf annihilators (Vaults:5)
  5 yellow draconians
  7 black draconians
  6 dire elephants
  7 red draconians
  5 entropy weavers
  8 spark wasps
  The ghost of Xuitinua the Thaumaturge, a journeyman GnFE of Vehumet (D:15)
  11 purple draconians
  10 white draconians
  The ghost of Pupel the Blocker, a journeyman MiFi of Gozag (D:13)
  2 merfolk javelineers (Shoals:4)
  17 ettins
  14 merfolk impalers
  A blizzard demon (Depths:5)
  16 yaktaur captains
  A deep elf high priest (Depths:4)
  Josephine (Lair:4)
  7 great orbs of eyes
  2 hell beasts
  15 fire dragons
  10 ice dragons
  A monstrous demonspawn (Depths:3)
  3 ironbound thunderhulks
  5 rakshasas
  2 peacekeepers
  10 boulder beetles
  2 ogre magi (Vaults:5)
  12 hydras
  32 vault guards
  5 spriggan air magi
  4 ironbound frosthearts
  3 catoblepae
  The ghost of ma3 the Grappler, a novice TrGl (D:9)
  14 centaur warriors
  A juggernaut simulacrum (Depths:3)
  The ghost of PeterLawrence the Bludgeoner, a novice MiFi of Okawaru (D:9)
  4 merfolk avatars
  A death knight (D:14)
  13 two-headed ogres
  Erica (D:10)
  3 tengu warriors
  An alligator snapping turtle (Shoals:4)
  13 death yaks
  8 deep troll shamans
  3 satyrs
  2 merfolk aquamancers
  15 deep troll earth magi
  A hell hog (Depths:2)
  6 orc high priests
  13 spriggan berserkers
  A hell knight (Depths:4)
  6 ironbound beastmasters
  16 spriggans
  A sun demon (Depths:3)
  5 soul eaters
  10 iron trolls
  A skeletal warrior (D:14)
  5 sixfirhies
  A salamander mystic (Depths:5)
  A glowing orange brain (shapeshifter) (Depths:4)
  69 deep trolls
  2 death drakes (Zot:2)
  3 flayed ghosts (Depths:4)
  A spark wasp zombie (Depths:3)
  9 sea snakes
  4 infernal demonspawn
  20 ironbound convokers
  3 phantasmal warriors
  14 wizards
  6 lindwurms
  5 necromancers
  12 harpies
  22 wolf spiders
  17 orc knights
  20 manticores
  7 cyclopes
  3 orc sorcerers (Orc:2)
  13 orb spiders
  A deep elf zephyrmancer (D:15)
  2 deep elf pyromancers
  7 fauns
  51 ugly things
  2 frost giant skeletons (Depths:1)
  3 salamanders
  25 moths of wrath
  6 merfolk sirens
  2 water nymphs
  9 elephants
  3 black mambas
  A guardian serpent (shapeshifter) (Depths:5)
  5 torpor snails
  17 vault sentinels
  An orange demon (D:9)
  3 gargoyles
  4 rime drakes
  11 komodo dragons
  The ghost of tilp the Insei, a novice OpTm (D:5)
  14 cane toads
  A freezing wraith (D:14)
  An efreet (D:14)
  8 demonic crawlers
  2 hellwings
  21 yaktaurs
  3 tengu conjurers
  24 merfolk
  3 guardian mummies (Zot:2)
  5 trolls
  41 jumping spiders
  9 polar bears
  A meliai (shapeshifter) (D:13)
  A queen bee (Spider:2)
  3 meliai (Spider:2)
  A tyrant leech (shapeshifter) (Vaults:1)
  3 wind drakes
  12 hornets
  A dream sheep (Lair:6)
  13 snapping turtles
  An ice dragon zombie (Depths:1)
  A meliai zombie (D:10)
  A frost giant simulacrum (Depths:3)
  19 blink frogs
  A fire giant simulacrum (Depths:3)
  22 slime creatures
  74 redbacks
  39 tarantellas
  9 water elementals
  78 yaks
  7 wyverns
  3 basilisks
  9 wraiths
  A steam dragon (D:7)
  5 hogs (D:13)
  A golden eye (shapeshifter) (Depths:4)
  4 wargs (Orc:2)
  20 vampire mosquitoes
  An acid dragon (D:12)
  2 floating eyes
  16 water moccasins
  Duvessa (D:4)
  2 hell hounds (Orc:1)
  58 orc warriors
  A sky beast (D:7)
  4 boggarts
  7 black bears
  21 centaurs
  7 necrophages
  10 ogres
  40 wolves
  A phantom (D:5)
  9 bullfrogs
  2 kobold brigands (D:9)
  2 gnoll sergeants
  A scorpion (D:9)
  A wyvern zombie (D:7)
  Dowan (D:4)
  A water moccasin zombie (D:6)
  A water moccasin skeleton (D:5)
  19 killer bees
  10 wights
  2 electric eels
  4 howler monkeys
  A crimson imp (D:8)
  3 jellies
  3 centaur zombies
  A bullfrog zombie (D:5)
  31 orc priests
  Jessica (D:2)
  5 hell rats (Lair:4)
  6 iguanas
  38 orc wizards
  2 howler monkey zombies
  Robin (D:2)
  12 gnolls
  6 adders
  4 white imps
  2 ufetubi
  A worm (D:2)
  A dart slug (D:5)
  110 orcs
  3 ball pythons
  13 endoplasms
  4 giant cockroaches
  20 goblins
  12 hobgoblins
  4 jackals (D:3)
  5 quokkas
  6 bats
  3 frilled lizards
  10 kobolds
  5 rats
  2 bushes
  8 tentacles
2096 creatures vanquished.

Vanquished Creatures (collateral kills)
  2 dread liches
  7 orbs of fire
  A curse toe (Zot:1)
  2 golden dragons
  A pandemonium lord (D:9)
  2 electric golems (Zot:5)
  12 Orb Guardians (Zot:5)
  A Hell Sentinel (Zot:1)
  7 tentacled monstrosities
  2 liches
  A quicksilver dragon (Vaults:5)
  A death cob (Zot:3)
  4 shadow dragons
  3 storm dragons
  2 iron dragons
  2 vault wardens (Vaults:5)
  A cacodemon (Depths:5)
  A draconian shifter (Zot:1)
  An orc warlord (Vaults:3)
  An ironbound preserver (Vaults:5)
  2 stone giants
  A blood saint (Depths:5)
  3 black draconians (Zot:2)
  2 green draconians
  A red draconian (Zot:5)
  3 purple draconians
  4 yellow draconians
  A white draconian (Depths:5)
  6 vault guards (Vaults:5)
  A centaur warrior (Vaults:3)
  A storm dragon skeleton (Depths:4)
  A sixfirhy (D:5)
  A wizard (Vaults:3)
  A sphinx zombie (Depths:4)
  3 moths of wrath
  An elf zombie (Depths:4)
  A rust devil (D:9)
  A smoke demon (D:2)
  An orange demon (Depths:5)
89 creatures vanquished.

Vanquished Creatures (others)
  A dread lich (Vaults:5)
  An Orb Guardian (Zot:5)
  16 eldritch tentacles
  2 fire giants
  A merfolk javelineer (Depths:2)
  An ironbound thunderhulk (Vaults:3)
  A merfolk aquamancer (Shoals:4)
  A tengu zombie (Depths:3)
  An orc sorcerer (D:15)
  2 water elementals (Depths:2)
  A bush (D:6)
  37 fungi
  108 plants
  11 tentacles
  6 withered plants (D:9)
190 creatures vanquished.

Grand Total: 2375 creatures vanquished

Notes
Turn   | Place    | Note
-------+----------+-------------------------------------------
     0 | D:1      | tilp the Djinni Venom Mage began the quest for the Orb.
     0 | D:1      | Reached XP level 1. HP: 15/15 MP: 0/0
   312 | D:1      | Reached XP level 2. HP: 16/21 MP: 0/0
  1156 | D:1      | Reached XP level 3. HP: 22/25 MP: 0/0
  1156 | D:1      | Learned a level 1 spell: Summon Small Mammal
  1925 | D:2      | You are sucked into a shaft and drop 2 floors!
  1931 | D:4      | Reached XP level 4. HP: 24/31 MP: 0/0
  2140 | D:4      | Reached XP level 5. HP: 21/35 MP: 0/0
  2140 | D:4      | Learned a level 2 spell: Ensorcelled Hibernation
  2321 | D:3      | Found a faded altar of an unknown god.
  2732 | D:2      | Reached skill level 5 in Spellcasting
  2741 | D:2      | Noticed Jessica
  2743 | D:2      | Killed Jessica
  2837 | D:2      | Noticed Robin
  2840 | D:2      | Killed Robin
  3489 | D:2      | Found a sacrificial altar of Ru.
  3949 | D:3      | Reached XP level 6. HP: 36/40 MP: 0/0
  4725 | D:4      | Reached skill level 1 in Fighting
  4739 | D:4      | Reached XP level 7. HP: 22/49 MP: 0/0
  4739 | D:4      | Learned a level 3 spell: Summon Guardian Golem
  4864 | D:4      | Noticed Duvessa
  4867 | D:4      | Killed Duvessa
  5274 | D:4      | Noticed Dowan
  5281 | D:4      | Killed Dowan
  5484 | D:4      | Found a glowing golden altar of the Shining One.
  5667 | D:5      | Entered Level 5 of the Dungeon
  5684 | D:5      | Found a runed translucent door.
  5691 | D:5      | Noticed tilp's ghost (novice OpTm)
  5901 | D:5      | Reached XP level 8. HP: 31/54 MP: 0/0
  6834 | D:6      | Found a staircase to the Ecumenical Temple.
  6921 | Temple   | Entered the Ecumenical Temple
  7698 | D:6      | Found a blossoming altar of Fedhas.
  7966 | D:6      | Found a sparkling altar of Nemelex Xobeh.
  8066 | D:6      | Reached XP level 9. HP: 45/62 MP: 0/0
  8066 | D:6      | Learned a level 4 spell: Leda's Liquefaction
  8834 | D:7      | Reached skill level 10 in Spellcasting
  8856 | D:7      | Found a stormy altar of Qazlal.
  9327 | D:7      | Found a broken altar of Ashenzari.
  9985 | D:8      | Reached skill level 5 in Fighting
 10208 | D:8      | Identified the +4 war axe of Eternal Harmony {protect,
                  | rElec rPois Str+2 Int-5}
 10373 | D:8      | Reached XP level 10. HP: 65/70 MP: 0/0
 10377 | D:8      | Identified Yskoig's Incunabulum of Earth
 10467 | D:8      | Found Fiheiw's Armour Emporium.
 10475 | D:8      | Bought a +1 helmet of intelligence for 181 gold pieces
 10928 | D:8      | Found a hazy altar of Hepliaklqana.
 11129 | D:8      | Found a shimmering altar of Xom.
 11129 | D:8      | Found a burning altar of Makhleb.
 11162 | D:8      | Became a worshipper of Makhleb the Destroyer
 11676 | D:9      | Reached * piety under Makhleb
 11691 | D:9      | Found a staircase to the Lair.
 11693 | D:9      | Reached skill level 1 in Invocations
 11712 | D:9      | Reached XP level 11. HP: 69/76 MP: 0/0
 11712 | D:9      | Learned a level 4 spell: Passage of Golubria
 11982 | D:9      | Reached ** piety under Makhleb
 12007 | D:9      | Found a staircase to the Orcish Mines.
 12275 | D:9      | Found a runed translucent gate.
 12275 | D:9      | Found a runed translucent gate.
 12275 | D:9      | Found a runed translucent gate.
 12276 | D:9      | Noticed PeterLawrence's ghost (novice MiFi)
 12277 | D:9      | Noticed ma3's ghost (novice TrGl)
 12569 | D:9      | Upgraded the game from 0.27-a0-828-g8289197e94 to
                  | 0.27-a0-836-gfc908b8576
 12577 | D:10     | Entered Level 10 of the Dungeon
 12699 | D:10     | Noticed a two-headed ogre
 12704 | D:10     | Killed a two-headed ogre
 12705 | D:10     | Reached skill level 1 in Shields
 12851 | D:10     | Noticed Erica
 12866 | D:10     | Killed Erica
 12867 | D:10     | Reached skill level 5 in Dodging
 13206 | D:10     | Noticed a two-headed ogre
 13213 | D:10     | Killed a two-headed ogre
 13472 | D:10     | Identified a scroll of acquirement
 13472 | D:10     | Acquired 847 gold pieces
 13709 | D:11     | Reached XP level 12. HP: 58/87 MP: 0/0
 13904 | D:11     | Noticed a centaur warrior
 13907 | D:11     | Killed a centaur warrior
 14056 | D:11     | Identified the +0 cloak "Dewal" {+Blink rElec rCorr}
 14139 | D:11     | Reached *** piety under Makhleb
 14463 | Orc:1    | Entered Level 1 of the Orcish Mines
 14467 | Orc:1    | You are sucked into a shaft and drop 1 floor!
 14467 | Orc:2    | Entered Level 2 of the Orcish Mines
 14467 | Orc:2    | Noticed an orc warlord
 14480 | Orc:2    | Killed an orc warlord
 14559 | Orc:1    | Found a dark tunnel.
 14582 | Orc:1    | Reached skill level 10 in Fighting
 14591 | Volcano  | Entered a volcano
 14875 | Orc:1    | Noticed an orc high priest
 14878 | Orc:1    | Reached skill level 1 in Evocations
 14878 | Orc:1    | Killed an orc high priest
 15493 | Orc:2    | Reached skill level 5 in Invocations
 15586 | Orc:2    | Found a staircase to the Elven Halls.
 15666 | Orc:2    | Reached **** piety under Makhleb
 15734 | Orc:2    | Noticed an orc high priest
 15737 | Orc:2    | Killed an orc high priest
 15755 | Orc:2    | Noticed an orc warlord
 15763 | Orc:2    | Killed an orc warlord
 15790 | Orc:2    | Reached ***** piety under Makhleb
 15828 | Orc:2    | Reached XP level 13. HP: 91/97 MP: 0/0
 15828 | Orc:2    | Learned a level 5 spell: Borgnjor's Vile Clutch
 15863 | Orc:2    | Reached skill level 10 in Dodging
 16066 | Orc:2    | Found Wusumuso's General Store.
 16067 | Orc:2    | Found Vanuamp's Book Boutique.
 16069 | Orc:2    | Found Ygoyruig's Antique Armour Boutique.
 16069 | Orc:2    | Found Uriat's Antique Weapon Shop.
 16362 | Orc:2    | Bought a scroll of fear for 38 gold pieces
 16362 | Orc:2    | Bought a scroll of summoning for 104 gold pieces
 16572 | D:5      | Killed tilp's ghost
 17741 | Lair:1   | Entered Level 1 of the Lair of Beasts
 17933 | Lair:1   | Reached ****** piety under Makhleb
 18006 | Lair:1   | Reached XP level 14. HP: 107/107 MP: 0/0
 18107 | Lair:1   | Acquired a manual of Spellcasting
 18109 | Lair:1   | Acquired the ring of the Nightingale {rC+ SInv}
 18642 | Lair:2   | Found a hole to the Spider Nest.
 18981 | Lair:2   | Found a staircase to the Shoals.
 19304 | Lair:3   | Reached skill level 15 in Spellcasting
 20174 | Lair:4   | Identified the +8 shortbow "Perphil" {venom, rC- Str+2
                  | Int+2 Stlth+}
 20463 | Lair:4   | Noticed Josephine
 20470 | Lair:4   | Killed Josephine
 21015 | Lair:5   | Found a staircase to the Slime Pits.
 21015 | Lair:5   | Found a viscous altar of Jiyva.
 21036 | Lair:5   | Reached XP level 15. HP: 112/112 MP: 0/0
 21036 | Lair:5   | Learned a level 6 spell: Invisibility
 21908 | Lair:6   | Entered Level 6 of the Lair of Beasts
 21948 | Lair:5   | Reached skill level 1 in Armour
 22089 | Lair:6   | Reached skill level 5 in Armour
 22272 | Lair:6   | Reached skill level 5 in Stealth
 23408 | D:13     | Noticed Kirke
 23413 | D:13     | Killed Kirke
 23414 | D:13     | Reached XP level 16. HP: 120/120 MP: 0/0
 23464 | D:13     | Found a gate to the Vaults.
 23613 | D:13     | Found a runed translucent door.
 23614 | D:13     | Noticed Pupel's ghost (journeyman MiFi)
 23874 | D:14     | Found a snail-covered altar of Cheibriados.
 24046 | D:14     | Noticed Louise
 24054 | D:14     | Killed Louise
 24348 | D:15     | Entered Level 15 of the Dungeon
 24363 | D:15     | Noticed Xuitinua's ghost (journeyman GnFE)
 24364 | D:15     | Found the +6 shillelagh "Devastator" {shatter}
 24366 | D:15     | Found a runed translucent door.
 24431 | D:15     | Noticed Nessos
 24435 | D:15     | Killed Nessos
 24542 | D:15     | Found a staircase to the Depths.
 24804 | D:15     | Found the +8 Wrath of Trog {antimagic, *Rage}
 25329 | D:9      | Killed PeterLawrence's ghost
 25334 | D:9      | Killed ma3's ghost
 25487 | D:13     | Killed Pupel's ghost
 25601 | D:15     | Killed Xuitinua's ghost
 25919 | Spider:1 | Entered Level 1 of the Spider Nest
 26380 | Spider:1 | Reached XP level 17. HP: 130/130 MP: 0/0
 26380 | Spider:1 | Learned a level 7 spell: Ozocubu's Refrigeration
 26493 | Spider:1 | Identified the +1 robe "Zijoipoh" {+Blink rCorr MP+9 Str+2}
 26728 | Spider:2 | Found a transporter.
 26862 | Spider:2 | Found a transporter.
 27018 | Spider:2 | Reached skill level 15 in Fighting
 27026 | Spider:2 | Noticed Arachne
 27045 | Spider:2 | Killed Arachne
 27618 | Spider:2 | Reached skill level 15 in Dodging
 27638 | Spider:2 | Gained mutation: You are weak. (Str -2) [mutagenic glow]
 27670 | Spider:2 | Identified the ring of the Stag {rF+ Will- Int+4 Slay+3}
 27684 | Spider:2 | Identified the ring "Teskis" {+Fly rN+}
 27799 | Spider:3 | Reached skill level 5 in Evocations
 27971 | Spider:3 | Acquired a +1 pair of gloves of archery
 28087 | Spider:3 | Found a transporter.
 28087 | Spider:3 | Found a transporter.
 28452 | Spider:4 | Entered Level 4 of the Spider Nest
 28668 | Spider:4 | Reached XP level 18. HP: 138/138 MP: 0/0
 28732 | Spider:4 | Identified the +4 trident "Beetleslayer" {vorpal, rC+}
 29021 | Spider:4 | Got a gossamer rune of Zot
 29256 | Shoals:1 | Entered Level 1 of the Shoals
 29479 | Shoals:1 | Noticed Aizul
 29484 | Shoals:1 | Killed Aizul
 30073 | Shoals:2 | Identified the +1 scale mail of Restlessness {Harm Regen+
                  | Str-3 Dex+5}
 30797 | Shoals:2 | Identified the +0 animal skin of the Pits of Slime {-Tele
                  | Int+4 Dex+2}
 31082 | Shoals:3 | Noticed Ilsuiw
 31090 | Shoals:3 | Killed Ilsuiw
 31091 | Shoals:3 | Noticed Donald
 31096 | Shoals:3 | Killed Donald
 31113 | Shoals:3 | Noticed Polyphemus
 31120 | Shoals:3 | Killed Polyphemus
 31121 | Shoals:3 | Reached XP level 19. HP: 89/150 MP: 0/0
 31121 | Shoals:3 | Learned a level 6 spell: Blade Hands
 31615 | Shoals:4 | Entered Level 4 of the Shoals
 31686 | Shoals:4 | Reached skill level 10 in Evocations
 31695 | Shoals:4 | Identified the +9 mace "Teyta" {vamp, rPois rF- Str+2}
 31737 | Shoals:4 | Noticed Nikola
 31748 | Shoals:4 | Killed Nikola
 32015 | Shoals:4 | Got a barnacled rune of Zot
 33049 | Orc:2    | Bought a condenser vane for 440 gold pieces
 33304 | Vaults:1 | Entered Level 1 of the Vaults
 33874 | Vaults:1 | Reached XP level 20. HP: 157/157 MP: 0/0
 35919 | Vaults:2 | Noticed Frederick
 35930 | Vaults:2 | Killed Frederick
 36208 | Vaults:3 | Reached XP level 21. HP: 163/163 MP: 0/0
 36208 | Vaults:3 | Learned a level 7 spell: Haunt
 36342 | Vaults:3 | Found a staircase to the Crypt.
 36343 | Vaults:3 | Found a basalt altar of Yredelemnul.
 36411 | Vaults:3 | Found Hexun's General Store.
 36695 | Vaults:3 | Found Vinn's Magic Scroll Shoppe.
 36708 | Vaults:3 | Bought a scroll of teleportation for 54 gold pieces
 36708 | Vaults:3 | Bought a scroll of silence for 135 gold pieces
 36708 | Vaults:3 | Bought a scroll of teleportation for 54 gold pieces
 36708 | Vaults:3 | Bought a scroll of teleportation for 54 gold pieces
 36708 | Vaults:3 | Bought a scroll of teleportation for 54 gold pieces
 36708 | Vaults:3 | Bought a scroll of silence for 135 gold pieces
 36939 | Vaults:3 | Found Sunwizong's Distillery.
 36947 | Vaults:3 | Bought a potion of haste for 160 gold pieces
 36947 | Vaults:3 | Bought a potion of mutation for 128 gold pieces
 37884 | Vaults:4 | Found the +7 pair of quick blades "Gyre" and "Gimble"
                  | {protect}
 37928 | Vaults:4 | Noticed a golden dragon
 37930 | Vaults:4 | Noticed a golden dragon
 37933 | Vaults:4 | Killed a golden dragon
 37938 | Vaults:4 | Killed a golden dragon
 37949 | Vaults:4 | Found the +8 glaive of the Guard {elec, spectral, AC+5}
 38087 | Vaults:4 | Reached XP level 22. HP: 105/169 MP: 0/0
 38948 | Depths:1 | Entered Level 1 of the Depths
 38969 | Depths:1 | Found Ajitzacs's Assorted Antiques.
 38971 | Depths:1 | Found Hysuffoesm's General Store.
 38987 | Depths:1 | Found Tasioz's Antique Armour Emporium.
 38996 | Depths:1 | Bought a tattered robe for 267 gold pieces
 38996 | Depths:1 | Identified the +0 robe "Difithrae" {Regen+ Int+3 SInv} (You
                  | bought it in a shop on level 1 of the Depths)
 39029 | Depths:1 | Found a gateway to Hell.
 39250 | Depths:1 | Found a shimmering altar of Xom.
 39941 | Depths:2 | Found Zaisytopn's Magic Scroll Shoppe.
 39991 | Depths:2 | Bought a scroll of fear for 63 gold pieces
 39991 | Depths:2 | Bought a scroll of fog for 36 gold pieces
 39991 | Depths:2 | Bought a scroll of acquirement for 936 gold pieces
 39991 | Depths:2 | Bought a scroll of blinking for 135 gold pieces
 39991 | Depths:2 | Acquired the ring of the Fool {rN+ AC+4}
 40877 | Depths:2 | Found a corrupted altar of Lugonu.
 40877 | Depths:2 | Found a one-way gate to the infinite horrors of the Abyss.
 40990 | Depths:3 | Found a large runed translucent door.
 40991 | Depths:3 | Found a large runed translucent door.
 41090 | Depths:3 | Reached XP level 23. HP: 141/180 MP: 0/0
 41090 | Depths:3 | Learned a level 7 spell: Malign Gateway
 41130 | Depths:3 | Noticed a dread lich
 41134 | Depths:3 | Killed a dread lich
 41192 | Depths:3 | Identified the ring "Igu Her" {rF+ Int+6}
 41528 | Depths:3 | Noticed Nuquenaz's ghost (veteran VSFi)
 41573 | Depths:3 | Found a one-way gate leading to the halls of Pandemonium.
 41949 | Depths:4 | Reached skill level 1 in Short Blades
 42094 | Depths:4 | Found a bloodstained altar of Trog.
 42094 | Depths:4 | Found a sparkling altar of Nemelex Xobeh.
 42329 | Depths:4 | Reached skill level 5 in Short Blades
 43102 | Depths:4 | Reached XP level 24. HP: 187/187 MP: 0/0
 43147 | Depths:4 | Gained mutation: Your mind is acute. (Int +2) [mutagenic
                  | glow]
 43327 | Depths:4 | Identified the amulet "Demawoub" {Acrobat *Corrode rC+
                  | Will+ Int+2}
 43344 | Depths:4 | Noticed a caustic shrike
 43351 | Depths:4 | Killed a caustic shrike
 43452 | Depths:5 | Entered Level 5 of the Depths
 43895 | Depths:5 | Found a gate to the Realm of Zot.
 43959 | Depths:5 | Found a gateway to a ziggurat.
 44540 | Vaults:5 | Entered Level 5 of the Vaults
 44567 | Vaults:5 | Reached XP level 25. HP: 194/196 MP: 0/0
 44567 | Vaults:5 | Learned a level 8 spell: Ignition
 44593 | Vaults:5 | Noticed a dread lich
 44598 | Vaults:5 | Killed a dread lich
 44599 | Vaults:5 | Noticed an ancient lich
 44607 | Vaults:5 | Killed an ancient lich
 44812 | Vaults:5 | Noticed an ancient lich
 44820 | Vaults:5 | Killed an ancient lich
 44952 | Vaults:5 | Identified the ring of Starshine {+Fly rC+ Str+2 Slay-4}
 45033 | Vaults:5 | Identified the amulet of Purotup {Spirit rPois rC+}
 45050 | Vaults:5 | Reached XP level 26. HP: 207/207 MP: 0/0
 45109 | Vaults:5 | Noticed Mennas
 45114 | Vaults:5 | Killed Mennas
 45235 | Vaults:5 | Reached skill level 1 in Long Blades
 45242 | Vaults:5 | Got a silver rune of Zot
 45552 | Vaults:5 | Identified the ring of the Blind Eye {Fire rElec Int-4
                  | Slay+2}
 46350 | Zot:1    | Entered Level 1 of the Realm of Zot
 46574 | Zot:1    | Found a runed translucent gate.
 46575 | Zot:1    | Found a runed translucent gate.
 46575 | Zot:1    | Found an opulent altar of Gozag.
 46576 | Zot:1    | Found a runed translucent gate.
 46577 | Zot:1    | Noticed Iruirgha's ghost (veteran OpFi)
 46589 | Zot:1    | Found Zozupp's Assorted Antiques.
 46716 | Zot:1    | Noticed an orb of fire
 46764 | Zot:1    | Killed an orb of fire
 47137 | Zot:1    | Reached skill level 5 in Long Blades
 47380 | Zot:2    | Noticed an orb of fire
 47867 | Zot:2    | Identified the +6 arbalest "Dathriuz" {venom, rElec rPois}
 48051 | Zot:2    | Gained mutation: Armour fits poorly on your strangely
                  | shaped body. [an orb of fire]
 48052 | Zot:2    | Gained mutation: You are very weak. (Str -4) [an orb of
                  | fire]
 48055 | Zot:2    | Killed an orb of fire
 48124 | Zot:1    | Lost mutation: You are very weak. (Str -4) [potion of
                  | mutation]
 48124 | Zot:1    | Lost mutation: You are weak. (Str -2) [potion of mutation]
 48124 | Zot:1    | Lost mutation: Your mind is acute. (Int +2) [potion of
                  | mutation]
 48124 | Zot:1    | Lost mutation: Armour fits poorly on your strangely shaped
                  | body. [potion of mutation]
 48124 | Zot:1    | Gained mutation: Your mind is acute. (Int +2) [potion of
                  | mutation]
 48124 | Zot:1    | Gained mutation: You tend to lose your temper in combat.
                  | [potion of mutation]
 48124 | Zot:1    | Gained mutation: Your spells are a little harder to cast,
                  | but a little more powerful. [potion of mutation]
 48124 | Zot:1    | Gained mutation: You expend health (3 HP) to strengthen
                  | your wands. [potion of mutation]
 48125 | Zot:1    | Lost mutation: You expend health (3 HP) to strengthen your
                  | wands. [potion of mutation]
 48125 | Zot:1    | Lost mutation: Your spells are a little harder to cast, but
                  | a little more powerful. [potion of mutation]
 48125 | Zot:1    | Lost mutation: Your mind is acute. (Int +2) [potion of
                  | mutation]
 48125 | Zot:1    | Gained mutation: Armour fits poorly on your strangely
                  | shaped body. [potion of mutation]
 48125 | Zot:1    | Gained mutation: You are somewhat resistant to further
                  | mutation. [potion of mutation]
 48126 | Zot:1    | Lost mutation: You tend to lose your temper in combat.
                  | [potion of mutation]
 48126 | Zot:1    | Lost mutation: Armour fits poorly on your strangely shaped
                  | body. [potion of mutation]
 48126 | Zot:1    | Lost mutation: You are somewhat resistant to further
                  | mutation. [potion of mutation]
 48126 | Zot:1    | Gained mutation: Your spells are a little harder to cast,
                  | but a little more powerful. [potion of mutation]
 48126 | Zot:1    | Gained mutation: You have a pair of small horns on your
                  | head. [potion of mutation]
 48126 | Zot:1    | Gained mutation: You sometimes lose the ability to read
                  | scrolls when taking damage. [potion of mutation]
 48126 | Zot:1    | Gained mutation: You are somewhat resistant to further
                  | mutation. [potion of mutation]
 48161 | Zot:2    | Reached XP level 27. HP: 213/213 MP: 0/0
 48161 | Zot:2    | Learned a level 9 spell: Dragon's Call
 49768 | Zot:4    | Reached skill level 10 in Long Blades
 50278 | Zot:5    | Entered Level 5 of the Realm of Zot
 50319 | Zot:5    | Noticed an orb of fire
 50331 | Zot:5    | Killed an orb of fire
 50699 | Zot:5    | Noticed a dread lich
 50708 | Zot:5    | Noticed an orb of fire
 50755 | Zot:5    | Killed a dread lich
 50760 | Zot:5    | Killed an orb of fire
 50762 | Zot:5    | Noticed a dread lich
 50774 | Zot:5    | Noticed an orb of fire
 50777 | Zot:5    | Killed a dread lich
 50859 | Zot:5    | Killed an orb of fire
 50947 | Zot:5    | Noticed a dread lich
 50953 | Zot:5    | Killed a dread lich
 50994 | Zot:5    | Identified the ring of the Rose {Wiz rPois}
 51020 | Zot:5    | Noticed an orb of fire
 51037 | Zot:5    | Killed an orb of fire
 51120 | Zot:5    | Noticed an orb of fire
 51130 | Zot:5    | Killed an orb of fire
 51380 | Zot:5    | Got the Orb of Zot
 51888 | D:9      | Noticed Lutuma Agh the pandemonium lord
 51893 | D:9      | Killed Lutuma Agh the pandemonium lord
 52092 | D:$      | Escaped with the Orb!

Illustrated notes

Levels and vault maps discovered:
D:1:      lightli_arrival_isolated_outpost, layout_loops_cross
D:2:      layout_rooms, lemuel_crystal_altar, uniq_jessica, uniq_robin
D:3:      layout_loops_corners, chequers_ecumenical_altar_island
D:4:      layout_loops_cross, general_overflow_altar, uniq_duvessa
D:5:      layout_basic, ebering_ghost_sewer_d, hangedman_decor_peaks_small
D:6:      layout_loops_cross, lemuel_crystal_altar, fedhas_altar_decomposition,
          minmay_temple_entry_grid, st_stairs_7, nemelex_lonely_heart_becter
D:7:      layout_rooms, nicolae_ashenzari_panopticon, grunt_qazlal_clouds,
          grunt_decor_arrowhead
D:8:      layout_cave_pools, nicolae_overflow_crystal_walls,
          grunt_temple_overflow_champion_of_chaos, serial_shops,
          nicolae_shop_waterfront, lightli_minifort
D:9:      layout_cave_pools, minmay_lair_entry_grove, hiddenorc1_lemuel,
          gammafunk_ghost_cemetery, due_unseen_surprise
D:10:     layout_basic, mrwooster_statue_mirror, uniq_erica
D:11:     layout_cave_pods, basic_altar
D:12:     layout_rooms
D:13:     layout_cave_pools, lightli_vaults_fourway_checkpoint,
          ebering_ghost_reflecting_pool, uniq_kirke
D:14:     layout_gridville, cheibriados_altar_1, uniq_louise
D:15:     hangedman_depths_entry_civil_slaughter, layout_gridville,
          gammafunk_ghost_grave, minmay_guarded_unrand_wrath_of_trog,
          uniq_nessos
Temple:   nicolae_temple_god_jail
Lair:1:   beast_lair_carwin_large_3, layout_hall_layers
Lair:2:   layout_cave_shapes, minmay_shoals_entry_beasts, spider_nest_entry_a,
          grunt_forest_small_clearings
Lair:3:   layout_regular_city
Lair:4:   layout_gridlike, st_stairs_12, grunt_forest_large_clearings,
          uniq_josephine
Lair:5:   layout_small_grid, slime_altar_1
Lair:6:   minmay_lair_end_enchanted_forest, layout_regular_city
Shoals:1: layout_shoals, uniq_aizul
Shoals:2: argonaut_golden_fleece, layout_shoals, nicolae_shoals_kraken_party
Shoals:3: layout_shoals, uniq_polyphemus, uniq_donald, uniq_ilsuiw
Shoals:4: shoals_end_simple, layout_shoals, overgrown_hall, uniq_nikola
Spider:1: layout_spider_delve, drop_trap
Spider:2: gammafunk_its_a_trap, nicolae_spider_circle_web,
          nicolae_looking_at_the_future, uniq_arachne
Spider:3: gammafunk_boulding_lane
Spider:4: grunt_spider_rune_circles
Orc:1:    layout_caves, enter_volcano_3
Orc:2:    st_orc_congregation, layout_diamond_mine, basic_altar, mines2_david
Vaults:1: ontoclasm_vaults_chip, v_misc_4, vaults_mumra_hexcomb, st_octagons_1,
          nicolae_vaults_alarming, vaults_mumra_minichess_inversion,
          v_alt_pattern_4, vaults_room_stairs_pillars,
          nicolae_vaults_mini_display_case, layout_vaults_chaotic_city
Vaults:2: vaults_room_fours, nicolae_vaults_arrows, vaults_room_ringed_pool,
          grunt_vaults_swirl, nicolae_vaults_network_square, v_rooms_2,
          vaults_room_door_ring, nicolae_vaults_little_ls,
          hangedman_vaults_stagger, ontoclasm_vaults_bender,
          vaults_dpeg_diagonal, v_misc_24, grunt_vaults_hallway_short,
          layout_vaults_maze_snakey, uniq_frederick
Vaults:3: nicolae_vaults_network_quinsquares
          [nicolae_vaults_network_quincunx_subvault,
          nicolae_vaults_network_quincunx_subvault,
          nicolae_vaults_network_quincunx_subvault,
          nicolae_vaults_network_quincunx_subvault], special_room_vaults
          [special_room_orc], minmay_crypt_entry_necro_gods,
          nicolae_vaults_puzzle_piece, vaults_room_hallway,
          vaults_standard_mumra_enter_the_diamond, vaults_dpeg_encased_lava,
          nicolae_vaults_big_ls, layout_vaults_omnigrid, serial_shops,
          bzr_firewalk, nicolae_shop_statue_plus, nicolae_shop_waterfront,
          nicolae_shop_crystal
Vaults:4: vaults_room_hallway, dpeg_vaults_monster_box,
          minmay_guarded_unrand_guard_vaults, nicolae_vaults_hallways_thing,
          v_misc_14, grunt_vaults_funnel, ontoclasm_vaults_ring_square,
          hangedman_vaults_corner, ontoclasm_vaults_ring_small, v_misc_18,
          nicolae_vaults_network_star, vaults_dpeg_hooks,
          ontoclasm_vaults_pinch, vaults_dpeg_doors,
          nicolae_vaults_little_squares_5, hangedman_vaults_maws,
          ontoclasm_vaults_twist, layout_vaults_ring
Vaults:5: uniq_mennas
Depths:1: layout_honeycomb, serial_bayou_shore_a, hell_entry,
          chequers_serial_rivers_micro_c, chequers_serial_rivers_micro_c,
          xom_teletrap_fun, infiniplex_staircase_pool_lava, grunt_megastairs_4,
          minmay_shop_star
Depths:2: evilmike_inaccessible_box, layout_honeycomb,
          serial_sigils_hangedman_shear, serial_shops, shop_coins,
          abyss_entry_flame_altar, grunt_mini_vestibule, drop_trap,
          serial_bayou_ford_a, lemuel_freeze_loot_1
Depths:3: kennysheep_oblong_rooms, layout_cave_pools,
          ebering_ghost_disaster_area, grunt_hell_entry_dis_old,
          rand_demon_pan_entry_7, infiniplex_staircase_pillars_1
Depths:4: hangedman_slaughterboxes, abyss_entry, hell_entry
Depths:5: evilmike_zot_entry_basic, layout_cave_pools, enter_ziggurat_b,
          hell_entry, corexii_corridor_pit, abyss_entry, serial_bayou_shore_b
Zot:1:    kennysheep_bubbly, layout_gridlike, ebering_ghost_gozag,
          skrybe_zot_glass_2
Zot:2:    layout_cathedral_of_symmetry, hangedman_snap_crack_crunch
Zot:3:    layout_misc_corridors
Zot:4:    layout_misc_corridors, skrybe_zot_glass_1
Zot:5:    layout_misc_corridors

Skill      XL: |  1  2  3  4  5  6  7  8  9 10 11 12 13 14 15 16 17 18 19 20 21 22 23 24 25 26 27 |
---------------+----------------------------------------------------------------------------------+-----
Spellcasting   | 3 4 5 6 7 9 10 12 13 17 18 20 21 22 23 24 | 24.8
Fighting       | 2 4 5 6 8 10 12 14 15 18 19 20 21 22 24 | 24.6
Stealth        | 2 4 5 6 8 |  8.0
Dodging        | 4 7 9 10 11 13 15 17 20 21 22 | 22.0
Invocations    | 1 4 6 8 |  8.0
Shields        | 4 |  4.0
Evocations     | 4 8 12 | 12.0
Armour         | 5 9 |  9.0
Short Blades   | 8 |  8.0
Long Blades    | 7 11 | 11.0

Action                   |  1- 3 |  4- 6 |  7- 9 | 10-12 | 13-15 | 16-18 | 19-21 | 22-24 | 25-27 || total
-------------------------+-------+-------+-------+-------+-------+-------+-------+-------+-------++-------
Melee: Dagger            |    16 |    13 |    33 |    59 |    45 |       |       |       |       ||   166
       Scimitar          |       |       |       |       |    27 |    92 |    12 |    11 |       ||   142
       Shillelagh        |       |       |       |       |       |     4 |       |       |       ||     4
       Quick blade       |       |       |       |       |       |       |       |    33 |    16 ||    49
       Eudemon blade     |       |       |       |       |       |       |       |       |    15 ||    15
       Headbutt          |       |       |       |       |       |       |       |       |     6 ||     6
Throw: Dart              |       |       |     1 |       |       |       |       |       |       ||     1
       Boomerang         |       |       |       |       |     2 |       |       |       |       ||     2
 Cast: Sting             |    31 |     9 |    11 |     3 |     2 |       |       |       |       ||    56
       Poisonous Vapours |    23 |    63 |    61 |    74 |    55 |     9 |     1 |       |       ||   286
       Ignite Poison     |       |    14 |    60 |   135 |   282 |   340 |   338 |   253 |    11 ||  1433
       Mephitic Cloud    |       |     4 |    21 |    33 |    67 |    36 |     1 |    10 |       ||   172
       Olgreb's Toxic Ra |       |       |     3 |    63 |   140 |   188 |   168 |   114 |     1 ||   677
       Borgnjor's Vile C |       |       |       |       |    68 |    73 |    57 |   108 |   127 ||   433
       Passage of Golubr |       |       |       |       |     3 |       |     1 |       |       ||     4
       Ozocubu's Refrige |       |       |       |       |       |    54 |   122 |   249 |   169 ||   594
       Summon Small Mamm |       |       |       |       |       |     2 |       |       |       ||     2
       Invisibility      |       |       |       |       |       |     1 |       |     9 |     2 ||    12
       Haunt             |       |       |       |       |       |       |     5 |    16 |    28 ||    49
       Malign Gateway    |       |       |       |       |       |       |       |     4 |    13 ||    17
       Ignition          |       |       |       |       |       |       |       |       |   478 ||   478
       Dragon's Call     |       |       |       |       |       |       |       |       |    14 ||    14
Invok: Minor Destruction |       |       |       |     1 |       |       |       |       |       ||     1
       Lesser Servant of |       |       |       |       |       |       |     2 |       |       ||     2
 Abil: Evoke Blink       |       |       |       |     2 |       |       |       |     2 |       ||     4
Evoke: Wand              |       |       |       |     1 |     1 |       |       |       |       ||     2
       Lightning rod     |       |       |       |       |       |     4 |       |       |     1 ||     5
       Tin of tremorston |       |       |       |       |       |     2 |       |       |       ||     2
       Condenser vane    |       |       |       |       |       |       |       |     1 |       ||     1
  Use: Scroll            |     2 |     2 |     9 |    11 |     5 |    10 |       |     4 |     2 ||    45
       Potion            |       |       |       |     1 |       |       |       |       |     5 ||     6
 Stab: Sleeping          |       |     1 |     1 |       |       |       |     1 |     1 |       ||     4
       Invisible         |       |       |       |       |       |       |       |     2 |       ||     2
       Distracted        |       |       |       |       |       |       |       |       |     1 ||     1
Armor: Robe              |     4 |     6 |    11 |    17 |    23 |    45 |     9 |    19 |    43 ||   177
Dodge: Dodged            |    12 |    16 |    33 |    99 |    92 |   199 |   120 |   123 |   167 ||   861
       Repelled          |       |       |     2 |     1 |       |       |       |       |       ||     3
Block: Buckler           |       |       |       |    16 |    31 |    59 |    40 |    31 |    45 ||   222
       Rpst.: Scimitar   |       |       |       |       |    27 |    29 |    10 |     8 |       ||    74
       Eudemon blade     |       |       |       |       |       |       |       |       |    12 ||    12

Table legend: (Time is in decaauts)
 A = Elapsed time spent in this place.
 B = Non-inter-level travel time spent in this place.
 C = Inter-level travel time spent in this place.
 D = Time resting spent in this place.
 E = Time spent auto-exploring this place.
 F = Levels seen in this place.
 G = Mean time per level.
                   A        B        C        D        E       F      G
               +--------+--------+--------+--------+--------+-----+--------+
         Total |  52253 |  46915 |   5338 |   6645 |  31226 |  48 | 1088.6 |
       Dungeon |  18677 |  16766 |   1911 |   4094 |  10286 |  15 | 1245.1 |
        Temple |    518 |    505 |     13 |    431 |     34 |   1 |  518.0 |
          Lair |   5629 |   5124 |    505 |    213 |   4059 |   6 |  938.2 |
        Shoals |   3578 |   3389 |    189 |     90 |   2663 |   4 |  894.5 |
   Spider Nest |   3310 |   2877 |    433 |    181 |   1961 |   4 |  827.5 |
  Orcish Mines |   2211 |   1676 |    535 |     94 |   1136 |   2 | 1105.5 |
        Vaults |   7234 |   6684 |    550 |    407 |   5010 |   5 | 1446.8 |
        Depths |   5796 |   4915 |    881 |    182 |   3338 |   5 | 1159.2 |
           Zot |   5248 |   4931 |    317 |    953 |   2738 |   5 | 1049.6 |
       Volcano |     49 |     49 |      0 |      0 |      0 |   1 |   49.0 |
               +--------+--------+--------+--------+--------+-----+--------+

Top non-repeatable levels by time:
Depths:4: 1808 daAuts
     D:1: 1783 daAuts
     D:8: 1738 daAuts
     D:4: 1614 daAuts
   Orc:2: 1545 daAuts
   Zot:1: 1517 daAuts
Vaults:2: 1513 daAuts
     D:6: 1468 daAuts
Vaults:3: 1459 daAuts
Vaults:1: 1458 daAuts
Vaults:4: 1423 daAuts
     D:7: 1403 daAuts
Vaults:5: 1380 daAuts
   Zot:2: 1321 daAuts
     D:9: 1275 daAuts
